Map: Prion Terraces

Players

LilDicky - Winner!

  • Race: Terran Terran
  • League: Diamond

Raskolnikov

  • Race: Terran Terran
  • League: Platinum

VOD

http://www.twitch.tv/tumescentpie

Description

Time

  • Played on: Nov. 27, 2015, 11:46 a.m.
  • Length: 8:47
Show
View Real Time Build Order
Export as new Build Order

LilDicky Terran - Winner!

Build Orders: Banshee Rush 

Get SALT Encoding   

  12  0:02  SCV  
  13  0:14  SCV  
  13  0:17  Supply Depot  
  14  0:25  Refinery  
  14  0:28  SCV  
  15  0:40  SCV  
  16  0:45  Barracks  
  16  0:52  SCV  
  17  1:04  SCV  
  18  1:16  SCV  
  19  1:29  SCV  
  20  1:32  Supply Depot  
  20  1:33  Marine  
  21  1:41  Orbital Command  
  21  1:54  Marine  
  21  1:59  Factory  
  22  2:03  Refinery  
  22  2:07  SCV  
  23  2:12  Marine  
  24  2:33  SCV  
  25  2:37  Bunker  
  25  2:39  Marine  
  26  2:49  Factory Tech Lab  
  26  2:50  SCV  
  26  2:51  Starport  
  26  2:54  Supply Depot  
  26  2:57  Marine  
  27  3:00  Engineering Bay  
  27  3:06  SCV  
  28  3:15  Marine  
  29  3:22  Widow Mine  
  31  3:33  Banshee, Cloaking Field, Missile Turret  
  34  3:37  SCV  
  34  3:41  Supply Depot  
  35  3:42  Marine  
  36  3:49  SCV  
  36  3:50  Widow Mine  
  39  4:02  SCV, Marine  
  41  4:04  Supply Depot  
  41  4:14  SCV  
  41  4:16  Banshee  
  45  4:28  Factory Tech Lab  
  45  4:32  SCV  
  45  4:35  Command Center  
  46  4:43  Marine  
  47  4:48  Siege Tank  
  48  5:16  Banshee  
  48  5:20  Siege Tank  
  54  5:22  SCV  
  55  5:28  Supply Depot  
  55  5:29  Barracks x2  
  50  5:55  Marine  
  48  6:12  Orbital Command  
  48  6:13  SCV  
  48  6:18  Command Center  
  52  6:20  Raven  
  52  6:24  Marine  
  52  6:25  Barracks Tech Lab x2  
  52  6:26  SCV  
  52  6:39  SCV  
  53  6:41  SCV  
  53  6:46  Marine x2  
  58  6:47  Marauder  
  58  6:51  SCV  
  58  6:53  SCV  
  59  7:18  Marine x2  
  59  7:19  Siege Tank  
  59  7:20  Banshee  
  67  7:43  SCV x2  
  70  7:44  Orbital Command  
  70  7:50  Refinery  
  70  7:51  Refinery x2  
  69  7:55  SCV x2  
  69  7:58  Marine  
  71  7:59  Siege Tank  
  71  8:00  Refinery  
  75  8:07  SCV  
  72  8:24  Marine  
Show
View Real Time Build Order
Export as new Build Order

Raskolnikov Terran 

Build Orders:  

Get SALT Encoding   

  12  0:01  SCV  
  13  0:13  SCV  
  14  0:20  Supply Depot  
  14  0:25  SCV  
  15  0:28  Refinery  
  15  0:43  Barracks  
  15  0:46  SCV  
  16  0:58  SCV  
  17  1:07  Refinery  
  17  1:10  SCV  
  18  1:22  SCV  
  19  1:38  Orbital Command  
  19  1:41  Barracks Reactor  
  19  1:50  Factory  
  19  2:04  SCV  
  20  2:16  SCV  
  20  2:20  Command Center  
  21  2:24  Marine  
  21  2:28  Marine  
  23  2:40  Starport  
  23  2:58  Barracks Tech Lab  
  23  3:09  Supply Depot  
  23  3:10  Supply Depot  
  23  3:13  Widow Mine x2  
  23  3:14  SCV  
  28  3:26  SCV  
  29  3:27  Marine  
  29  3:29  Starport Tech Lab  
  30  3:38  SCV  
  31  3:42  Widow Mine x2  
  31  3:45  Marine  
  36  3:50  SCV  
  36  3:55  Medivac  
  40  4:02  SCV, Engineering Bay  
  40  4:06  Orbital Command  
  40  4:14  High Capacity Fuel Tanks, SCV  
  41  4:27  SCV  
  41  4:29  Missile Turret  
  42  4:33  Missile Turret  
  42  4:39  SCV  
  42  4:41  SCV  
  42  4:44  Marine  
  45  4:51  SCV  
  46  4:52  Widow Mine  
  46  4:53  Widow Mine  
  50  5:02  Marine  
  50  5:06  Viking  
  49  5:22  SCV  
  49  5:23  SCV  
  49  5:24  Missile Turret  
  49  5:35  SCV x2  
  50  5:36  Viking  
  47  5:52  SCV x2  
  46  6:04  SCV x2  
  46  6:07  Marine  
  46  6:08  Stimpack  
  49  6:15  Barracks  
  49  6:16  Command Center, SCV x2, Barracks  
  49  6:17  Missile Turret  
  49  6:24  Marine  
  49  6:25  Factory Tech Lab  
  50  6:33  SCV x2  
  50  6:35  Refinery  
  50  6:36  Refinery  
  52  6:42  Marine  
  52  6:45  SCV, Siege Tank  
  55  6:56  Supply Depot  
  55  6:57  Supply Depot  
  55  7:00  Marine  
  56  7:04  Barracks Reactor, Barracks Tech Lab  
  54  7:18  Banshee, Marine  
  54  7:35  Marine  
  54  7:36  Marauder  
  51  7:51  Siege Tank  
  52  7:53  Marauder  
  52  7:57  Marine  
  55  8:01  Banshee  
  58  8:15  Marine, Marauder  
  58  8:16  Missile Turret  
Tags
 
Add a new tag
Caveats
  • Supply blocks, unpowered buildings, or Contaminate may cause inaccurate times.
  • Supply counts are checked every 10 seconds.